 Dungeon Crawl Stone Soup version 0.29-a0-330-g52719c12eb (webtiles) character file.

Game seed: 3127337506093095336

65816 HoaS the Brawler (level 14, -5/149 HPs)
             Began as a Troll Gladiator on May 22, 2022.
             Was the Champion of Makhleb.
             Shot with an arrow by Nessos (6 damage)
             ... on level 6 of the Lair of Beasts.
             The game lasted 00:57:08 (17981 turns).

HoaS the Brawler (Troll Gladiator)                 Turns: 17981, Time: 00:57:09

Health: -5/149     AC: 24    Str: 25    XL:     14   Next: 76%
Magic:  13/13      EV: 18    Int:  4    God:    Makhleb [******]
Gold:   819        SH:  0    Dex: 15    Spells: 13/13 levels left

rFire   . . .      SeeInvis .     - Unarmed
rCold   . . .      Faith    .   (no shield)
rNeg    . . .      Spirit   .   L - quicksilver dragon scales
rPois   .          Reflect  .   b - +2 hat
rElec   .          Harm     .   n - +2 cloak
rCorr   .          Rampage  .   (gloves unavailable)
Will    ++...                   (boots unavailable)
Stlth   +.........              o - amulet of regeneration
HPRegen 1.94/turn               v - +4 ring of evasion
MPRegen 0.13/turn               a - +4 ring of protection

@: lethally poisoned (-5 -> -20), studying Ice Magic
A: large, unfitting armour, claws 3, regeneration 1, shaggy fur 1, tough skin 1
a: Renounce Religion, Minor Destruction, Lesser Servant of Makhleb, Major
Destruction, Greater Servant of Makhleb


You were on level 6 of the Lair of Beasts.
You worshipped Makhleb.
Makhleb was exalted by your worship.
You visited 4 branches of the dungeon, and saw 21 of its levels.
You also visited: Ossuary and Ice Cave.

You collected 1768 gold pieces.
You spent 949 gold pieces at shops.

Inventory:

Missiles
 c - 4 throwing nets
 d - 16 large rocks (quivered)
 e - 5 atropa-tipped darts
 g - 2 silver boomerangs
 j - 28 poisoned darts
 z - 12 boomerangs
 F - 9 javelins
 G - a curare-tipped dart
Armour
 b - a +2 hat (worn)
 n - a +2 cloak (worn)
 L - quicksilver dragon scales (worn)
Jewellery
 a - a +4 ring of protection (right claw)
 m - a ring of protection from fire
 o - an amulet of regeneration (around neck)
 v - a +4 ring of evasion (left claw)
 x - a +6 ring of dexterity
 B - a ring of ice
 C - a ring of see invisible
 J - a ring of willpower
 K - a ring of poison resistance
Wands
 p - a wand of acid (9)
 t - a wand of iceblast (18)
 u - a wand of flame (42)
Scrolls
 l - 2 scrolls of holy word
 s - 2 scrolls of silence
 w - 5 scrolls of teleportation
 y - 3 scrolls of fear
 H - 3 scrolls of identify
 N - a scroll of enchant armour
 O - a scroll of summoning
 P - a scroll of fog
Potions
 f - 3 potions of cancellation
 h - a potion of invisibility
 i - 8 potions of curing
 k - 5 potions of mutation
 q - 5 potions of attraction
 r - a potion of heal wounds
 A - 3 potions of lignification
 D - 3 potions of resistance
 E - 2 potions of flight
 I - 2 potions of might
 M - a potion of berserk rage
 Q - a potion of haste


   Skills:
 + Level 12.0 Fighting
 - Level 9.0 Throwing
 - Level 9.0 Armour
 + Level 12.0 Dodging
 + Level 15.0 Unarmed Combat


You had 13 spell levels left.
You didn't know any spells.
Your spell library contained the following spells:

 Spells                   Type           Power      Damage    Failure   Level
 Animate Skeleton         Necr           0%         N/A       63%         1
 Foxfire                  Conj/Fire      0%         2x1d4     63%         1
 Pain                     Necr           0%         1d4       63%         1
 Sandblast                Erth           0%         2d4       63%         1
 Passwall                 Tmut/Erth      0%         N/A       77%         2
 Static Discharge         Conj/Air       0%         N/A       77%         2
 Conjure Flame            Conj/Fire      0%         6-21      94%         3
 Dazzling Flash           Conj/Hex       0%         N/A       94%         3
 Inner Flame              Hex/Fire       0%         N/A       94%         3
 Stone Arrow              Conj/Erth      0%         3d7       94%         3
 Summon Guardian Golem    Hex/Summ       0%         N/A       94%         3
 Vampiric Draining        Necr           0%         2d6       94%         3
 Animate Armour           Summ/Erth      0%         N/A       100%        4
 Cause Fear               Hex            0%         N/A       100%        4
 Dispel Undead            Necr           0%         3d6       100%        4
 Flame Wave               Conj/Fire      0%         2d4       100%        4
 Iskenderun's Mystic Bla  Conj/Tloc      0%         2d3       100%        4
 Sticky Flame             Conj/Fire      0%         2d3       100%        4
 Lightning Bolt           Conj/Air       0%         1d11      100%        5
 Dispersal                Tloc           0%         N/A       100%        6
 Starburst                Conj/Fire      0%         6d3       100%        6
 Dragon Form              Tmut           0%         N/A       100%        7
 Orb of Destruction       Conj           0%         9d5       100%        7
 Spellforged Servitor     Conj/Summ      0%         N/A       100%        7
 Disjunction              Tloc           0%         N/A       100%        8
 Lehudib's Crystal Spear  Conj/Erth      0%         10d2      100%        8
 Maxwell's Capacitive Co  Air            0%         ∞         100%        8
 Dragon's Call            Summ           0%         N/A       100%        9


Dungeon Overview and Level Annotations

Branches:
Dungeon (12/15)            Temple (1/1) D:4            Lair (6/6) D:8
 Shoals (0/4) Lair:3       Spider (0/4) Lair:4          Orc (2/2) D:9
    Elf (0/3) Orc:2       Ossuary (visited)           IceCv (visited)
  Slime: Lair:5-6

Altars:
Ashenzari
Cheibriados
Dithmenos
Elyvilon
Fedhas
Gozag
Hepliaklqana
Kikubaaqudgha
Makhleb
Nemelex Xobeh
Okawaru
Qazlal
Ru
Sif Muna
Trog
Uskayaw
Vehumet
Wu Jian
Xom
Yredelemnul
Zin
The Shining One
Beogh

Shops:
D:1 ?   D:7 =   D:11 *==((   Orc:2 [![[!

Portals:
Trove: D:12 (give horn of Geryon)

Annotations:
Lair:6 1 transporter, Nessos


Innate Abilities, Weirdness & Mutations

You are too large for most types of armour.
You have claws for hands.
Your natural rate of healing is unusually fast.
You are covered in fur. (AC +1)
You have tough skin. (AC +1)


Message History

You throw a large rock. The large rock hits Nessos!
Nessos is moderately wounded.
You feel very sick.
Nessos shoots an arrow.
The arrow hits you! The arrow burns you.
You are more poisoned.
Nessos shoots an arrow.
The arrow completely misses you.
Nessos shoots an arrow.
The arrow hits you but does no damage.
Throw: 18 large rocks
Press: ? - help, Q - select action, (/) - cycle Shift-Dir - straight line, f/p - Nessos
Aim: Nessos, wielding a +2 longbow of flaming and wearing a +0 barding (lightly wounded, fast, 77% to hit)
You throw a large rock. The large rock hits Nessos!
Nessos is heavily wounded.
You feel extremely sick.
Nessos mumbles some strange words.
Nessos blinks!
Nessos shoots an arrow.
The arrow hits you! The arrow burns you.
You are more poisoned.
Nessos shoots an arrow.
The arrow hits you but does no damage.
Throw: 17 large rocks
Press: ? - help, Q - select action, (/) - cycle Shift-Dir - straight line, f/p - Nessos
Aim: Nessos, wielding a +2 longbow of flaming and wearing a +0 barding (heavily wounded, fast, 77% to hit)
You throw a large rock. The large rock barely misses Nessos.
You feel extremely sick.
Nessos shoots an arrow.
The arrow hits you!
* * * LOW HITPOINT WARNING * * *
The arrow burns you.
You are lethally poisoned!
* * * LOW HITPOINT WARNING * * *
Nessos mumbles some strange words.
Nessos blinks!
You are too injured to fight recklessly!
You feel better.
Nessos shoots an arrow.
The arrow hits you.
* * * LOW HITPOINT WARNING * * *
The arrow burns you.
You are poisoned.
* * * LOW HITPOINT WARNING * * *
Nessos shoots an arrow.
The arrow hits you!
* * * LOW HITPOINT WARNING * * *
The arrow burns you.
You are more poisoned.
You die...

...©.......
##.
##########.
#.. ###$)
?##### (.# #.
. ...## ..
##§.##. ..#.y#
#.. #.#.##
$.#...##
...#.... ###.
#y.### #
#.#.^.# #...#
..#yyy##
#....@##!.#..#
..#yy#
#..(..###..
#..


yyy## ##c.P..### ..©.y##### #(..#...#############. ####..........©.......
#PP..#P..#...#P....# #...##P.## #.......# ##...#### ##.P##..## ##....# #.......#
You could see Nessos (fast).

Vanquished Creatures
  Gastronok (Lair:3)
  An orc warlord (Orc:1)
  A reaper (IceCv)
  Snorg (Lair:3)
  Harold (Lair:2)
  A boulder beetle (Lair:3)
  An ice dragon (Lair:5)
  4 hydras
  3 two-headed ogres
  A catoblepas (Lair:5)
  10 death yaks
  8 orc high priests (Orc:2)
  Urug (Lair:3)
  3 skeletal warriors
  A fire crab (Lair:2)
  Pikel (D:8)
  2 orc knights
  An ugly thing (IceCv)
  An oklob plant (Lair:4)
  An orc sorcerer (Orc:2)
  4 cyclopes
  A manticore (D:10)
  2 ice statues (IceCv)
  2 black mambas (Lair:4)
  Maurice (Orc:1)
  3 cane toads
  2 unseen horrors (D:11)
  7 rime drakes
  12 komodo dragons
  2 anaconda simulacra (IceCv)
  7 ice devils (IceCv)
  A kobold demonologist (D:11)
  3 entropy weaver simulacra (IceCv)
  A guardian mummy (D:12)
  8 polar bears
  3 trolls
  2 dream sheep
  16 blink frogs
  2 hornets
  A shadow (D:11)
  2 wraiths
  A culicivora (Lair:4)
  A vampire (D:10)
  Sigmund (D:3)
  4 wyverns
  3 basilisks
  3 dire elephant simulacra (IceCv)
  24 yaks
  A hog (D:10)
  Grum (D:9)
  A steam dragon (D:8)
  9 vampire mosquitoes
  11 wargs
  14 water moccasins
  2 harpy simulacra (IceCv)
  8 black bears
  20 orc warriors
  A sky beast (D:5)
  9 ogres
  2 wolves
  9 centaurs
  2 lemures
  4 kobold brigands
  16 bullfrogs
  5 gnoll sergeants
  6 scorpions
  A two-headed ogre simulacrum (IceCv)
  10 wights
  12 killer bees (D:8)
  3 howler monkeys
  3 human zombies (Ossuary)
  35 orc priests
  A centaur zombie (Ossuary)
  19 hounds
  3 jellies
  4 gnoll shamans
  2 iguanas
  31 orc wizards
  4 hell rats (Lair:5)
  A troll simulacrum (IceCv)
  3 mummies (Ossuary)
  49 gnolls
  6 adders
  A naga simulacrum (IceCv)
  A shadow imp (D:6)
  2 white imps (Lair:5)
  An ufetubus (IceCv)
  2 worms (D:5)
  A dart slug (D:1)
  95 orcs
  11 ball pythons
  9 endoplasms
  2 giant cockroaches
  A gnoll zombie (Ossuary)
  12 goblins
  4 hobgoblins
  11 jackals
  4 quokkas
  A bat (D:2)
  7 frilled lizards
  17 kobolds
  2 kobold zombies (Ossuary)
  An orc zombie (Ossuary)
  14 rats
670 creatures vanquished.

Vanquished Creatures (others)
  A white imp (Lair:5)
  An orc (Orc:1)
  3 kobolds (D:8)
  13 fungi
  9 plants
27 creatures vanquished.

Grand Total: 697 creatures vanquished

Notes
Turn   | Place    | Note
-------+----------+-------------------------------------------
     0 | D:1      | HoaS the Troll Gladiator began the quest for the Orb.
     0 | D:1      | Reached XP level 1. HP: 19/19 MP: 0/0
    91 | D:1      | Reached XP level 2. HP: 25/27 MP: 1/1
   255 | D:1      | Reached skill level 4 in Unarmed Combat
   302 | D:1      | Reached XP level 3. HP: 33/33 MP: 2/2
   462 | D:1      | Found Fedwaa's Magic Scroll Emporium.
  1213 | D:2      | Reached skill level 5 in Unarmed Combat
  1213 | D:2      | Reached XP level 4. HP: 33/41 MP: 3/3
  1587 | D:3      | Noticed Sigmund
  1667 | D:3      | Killed Sigmund
  1668 | D:3      | Reached skill level 6 in Unarmed Combat
  1668 | D:3      | Reached XP level 5. HP: 29/49 MP: 4/4
  1821 | D:3      | Reached XP level 6. HP: 57/57 MP: 5/5
  1895 | D:3      | Found a faded altar of an unknown god.
  1968 | D:3      | Reached skill level 1 in Armour
  2240 | D:4      | Found a staircase to the Ecumenical Temple.
  2480 | D:4      | Found a sand-covered staircase.
  2485 | Ossuary  | Entered an ossuary
  2527 | Ossuary  | Reached XP level 7. HP: 66/66 MP: 6/6
  2775 | Temple   | Entered the Ecumenical Temple
  2897 | Temple   | Became a worshipper of Makhleb the Destroyer
  3287 | D:5      | Entered Level 5 of the Dungeon
  3350 | D:5      | Found a glowing golden altar of the Shining One.
  3559 | D:5      | Reached XP level 8. HP: 75/75 MP: 7/7
  3565 | D:5      | Noticed an air elemental
  3567 | D:5      | Found a stormy altar of Qazlal.
  3732 | D:5      | Reached * piety under Makhleb
  3944 | D:5      | Identified a scroll of acquirement
  3944 | D:5      | Acquired a manual of Fighting
  4098 | D:5      | Found a snail-covered altar of Cheibriados.
  4223 | D:6      | Found a bloodstained altar of Trog.
  4305 | D:6      | Reached skill level 7 in Unarmed Combat
  4474 | D:6      | Reached XP level 9. HP: 78/85 MP: 8/8
  4542 | D:6      | Reached ** piety under Makhleb
  4543 | D:6      | Reached skill level 5 in Fighting
  4597 | D:6      | Found a broken altar of Ashenzari.
  4597 | D:6      | Found a sacrificial altar of Ru.
  5058 | D:7      | Reached skill level 5 in Throwing
  5228 | D:7      | Found Sunolucy's Jewellery Emporium.
  5388 | D:7      | You fall into a shaft and drop 3 floors!
  5388 | D:10     | Entered Level 10 of the Dungeon
  5507 | D:9      | Reached skill level 5 in Armour
  5580 | D:8      | Reached skill level 5 in Dodging
  5837 | D:7      | Reached *** piety under Makhleb
  6050 | D:8      | Reached skill level 8 in Unarmed Combat
  6111 | D:7      | Reached XP level 10. HP: 100/100 MP: 9/9
  6140 | D:8      | Found a staircase to the Lair.
  6140 | D:8      | Noticed Pikel
  6156 | D:8      | Killed Pikel
  6273 | D:8      | Reached **** piety under Makhleb
  6584 | D:8      | Noticed a two-headed ogre
  6592 | D:8      | Killed a two-headed ogre
  6702 | D:9      | Reached skill level 9 in Unarmed Combat
  6866 | D:9      | Found a staircase to the Orcish Mines.
  7382 | D:9      | Noticed Grum
  7385 | D:9      | Killed Grum
  7406 | D:9      | Found an opulent altar of Gozag.
  7633 | D:10     | Reached XP level 11. HP: 113/113 MP: 10/10
  7703 | D:10     | Found a huge runed translucent gate.
  7704 | D:10     | Found a huge runed translucent gate.
  7704 | D:10     | Found a huge runed translucent gate.
  7704 | D:10     | Found a huge runed translucent gate.
  7806 | D:10     | Reached ***** piety under Makhleb
  7807 | D:10     | Noticed a two-headed ogre
  7825 | D:10     | Killed a two-headed ogre
  7867 | D:10     | Reached skill level 10 in Unarmed Combat
  7911 | D:10     | Noticed a two-headed ogre
  7934 | D:10     | Killed a two-headed ogre
  8249 | Orc:1    | Entered Level 1 of the Orcish Mines
  8256 | Orc:1    | Noticed an orc knight
  8312 | D:9      | Killed an orc knight
  8423 | Orc:1    | Noticed an orc knight
  8458 | Orc:1    | Killed an orc knight
  8574 | Orc:1    | Noticed Maurice
  8601 | Orc:1    | Noticed an orc warlord
  8648 | Orc:1    | Reached skill level 11 in Unarmed Combat
  8673 | Orc:1    | Killed an orc warlord
  8684 | Orc:1    | Killed Maurice
  8849 | D:7      | Bought a +4 ring of protection for 504 gold pieces
  9417 | Orc:1    | Noticed a wolf spider
  9504 | Orc:2    | Entered Level 2 of the Orcish Mines
  9605 | Orc:2    | Noticed an orc sorcerer
  9608 | Orc:2    | Noticed a sun demon
  9613 | Orc:2    | Killed an orc sorcerer
  9702 | Orc:2    | Found Kaucazxo's Antique Armour Emporium.
  9757 | Orc:2    | Found a staircase to the Elven Halls.
  9765 | Orc:2    | Reached XP level 12. HP: 117/123 MP: 11/11
  9942 | Orc:2    | Reached skill level 12 in Unarmed Combat
  9965 | Orc:2    | Noticed an orc high priest
  9977 | Orc:2    | Killed an orc high priest
  9985 | Orc:2    | Reached ****** piety under Makhleb
  9995 | Orc:2    | Noticed an orc high priest
 10032 | Orc:2    | Killed an orc high priest
 10134 | Orc:2    | Noticed an orc high priest
 10147 | Orc:2    | Killed an orc high priest
 10162 | Orc:2    | Noticed an orc high priest
 10168 | Orc:2    | Killed an orc high priest
 10253 | Orc:2    | Found Simp's Armour Emporium.
 10253 | Orc:2    | Found Mosm's Distillery.
 10253 | Orc:2    | Noticed an orc high priest
 10262 | Orc:2    | Killed an orc high priest
 10268 | Orc:2    | Bought a potion of lignification for 45 gold pieces
 10268 | Orc:2    | Bought a potion of curing for 45 gold pieces
 10268 | Orc:2    | Bought a potion of invisibility for 120 gold pieces
 10268 | Orc:2    | Bought a potion of curing for 45 gold pieces
 10530 | Orc:2    | Found Ziwoigac's Distillery.
 10530 | Orc:2    | Noticed an orc high priest
 10530 | Orc:2    | Noticed an orc high priest
 10532 | Orc:2    | Found Louz's Armour Shop.
 10533 | Orc:2    | Noticed an orc high priest
 10562 | Orc:2    | Killed an orc high priest
 10588 | Orc:2    | Killed an orc high priest
 10616 | Orc:2    | Killed an orc high priest
 10617 | Orc:2    | Reached skill level 10 in Fighting
 10651 | Orc:2    | Bought a potion of curing for 33 gold pieces
 10651 | Orc:2    | Bought a potion of heal wounds for 55 gold pieces
 11130 | D:11     | Found Ytabir's Jewellery Boutique.
 11186 | D:11     | Found Piugefir's Assorted Antiques.
 11199 | D:11     | Bought a scroll of teleportation for 102 gold pieces
 11260 | D:11     | Reached XP level 13. HP: 135/135 MP: 12/12
 11295 | D:11     | Found Asou's Jewellery Emporium.
 11484 | D:11     | Found Kuizaiq's Weapon Shop.
 11556 | D:11     | Found Ewuipt's Antique Weapon Emporium.
 11976 | D:12     | Found a broken altar of Ashenzari.
 12147 | D:12     | Reached skill level 13 in Unarmed Combat
 12237 | D:11     | Reached skill level 10 in Dodging
 12581 | D:12     | Found a portal to a secret trove of treasure.
 12862 | Lair:1   | Entered Level 1 of the Lair of Beasts
 14052 | Lair:2   | Found a frozen archway.
 14068 | IceCv    | Entered an ice cave
 14410 | IceCv    | Noticed a reaper
 14424 | IceCv    | Killed a reaper
 14511 | Lair:2   | Noticed Harold
 14528 | Lair:2   | Killed Harold
 15078 | Lair:3   | Found a staircase to the Shoals.
 15162 | Lair:3   | Noticed Urug
 15180 | Lair:3   | Killed Urug
 15195 | Lair:3   | Reached XP level 14. HP: 149/149 MP: 13/13
 15255 | Lair:3   | Noticed Gastronok
 15268 | Lair:3   | Killed Gastronok
 15563 | Lair:3   | Noticed Snorg
 15573 | Lair:3   | Killed Snorg
 16261 | Lair:4   | Reached skill level 14 in Unarmed Combat
 16481 | Lair:4   | Found a hole to the Spider Nest.
 17696 | Lair:6   | Entered Level 6 of the Lair of Beasts
 17735 | Lair:5   | Reached skill level 15 in Unarmed Combat
 17920 | Lair:6   | Found a transporter.
 17969 | Lair:6   | Noticed Nessos
 17981 | Lair:6   | HP: 1/149 [Nessos/arrow (11)]
 17981 | Lair:6   | Shot with an arrow by Nessos

Illustrated notes

Levels and vault maps discovered:
D:1:      lemuel_arrival_funnel, layout_loops_ring, serial_shops, shop_statue,
          corner_web_ring
D:2:      layout_loops_corners, nicolae_concentric_dashed_squares_wild
D:3:      layout_basic, dreamdust_ecumenical_altar_angels_and_demons,
          uniq_sigmund
D:4:      layout_cave_pools, minmay_temple_entry_steel_oval, enter_ossuary_2,
          kennysheep_another_room, palyth_stone_intersect,
          kennysheep_cluttered_room, dk_noncrumbling_2, lemuel_old_faithful
D:5:      layout_cave_pods, nicolae_tso_carved_into_rock,
          nicolae_qazlal_style_of_elements, mainiacjoe_overflow_alcove_1,
          gup_sewer_entry_bowl
D:6:      layout_basic, gammafunk_temple_overflow_elements, trog_ov_bears_minmay
D:7:      layout_basic, serial_shops, nicolae_diamond_shop
D:8:      layout_rooms, erik_lair_orcish_takeover, uniq_pikel
D:9:      layout_cave_pools, kennysheep_little_box, orc_0_dummy, enter_bailey_3,
          serial_gnoll_camp, gnoll_camp_mini_loothouse, grums_kennel,
          gnoll_camp_medium_01, gnoll_camp_mini_doghouse, gnoll_camp_mini_basic,
          gnoll_camp_mini_basic
D:10:     lemuel_bear_cage, layout_irregular_city
D:11:     layout_irregular_city, serial_shops, nicolae_diamond_shop,
          nicolae_shop_hallway_stairs, shop, shop, nicolae_shop_stone
D:12:     layout_irregular_city, nicolae_trove_entry_path_of_doom,
          evilmike_ruin_ashenzari
Temple:   regret_index_temple_waves
Lair:1:   layout_roguey, grunt_megastairs_2, lemuel_fruit_tree
Lair:2:   layout_cave_pods, portal_ice_cave_rime, uniq_harold
Lair:3:   layout_cellular_growth, shoals_dummy_entry, nzn_sisyphean_effort,
          uniq_snorg, uniq_gastronok, uniq_urug
Lair:4:   layout_misc_corridors, spider_nest_entry_rubble, serial_bayou_shore_b
Lair:5:   layout_regular_city, bobbens_ice_dragon_lair
Lair:6:   wormcave, layout_cave_pods, slime_altar_2,
          nicolae_volcano_entry_batcave, gammafunk_ghost_hive, uniq_nessos
Orc:1:    nicolae_orc_accident_3, layout_diamond_mine, basic_altar,
          guppyfry_library_mini, uniq_maurice
Orc:2:    st_orc_town, layout_caves, serial_shops, nicolae_shop_stone,
          nicolae_orc_lost_temple

Skill      XL: |  1  2  3  4  5  6  7  8  9 10 11 12 13 14 |
---------------+-------------------------------------------+-----
Unarmed Combat | 4 5 6 7 8 9 11 12 13 15 | 15.0
Fighting       | 2 3 4 6 8 9 10 12 | 12.0
Throwing       | 2 3 4 5 6 7 8 9 |  9.0
Armour         | 2 3 4 5 6 7 8 9 |  9.0
Dodging        | 3 4 5 6 9 10 12 | 12.0

Action                   |  1- 3 |  4- 6 |  7- 9 | 10-12 | 13-15 || total
-------------------------+-------+-------+-------+-------+-------++-------
Melee: Unarmed           |   114 |   116 |   371 |   977 |   657 ||  2235
       Punch             |     1 |     5 |    21 |    62 |    71 ||   160
Throw: Throwing net      |       |     1 |       |    12 |     2 ||    15
       Large rock        |       |     1 |       |       |    29 ||    30
       Dart              |       |       |       |     6 |       ||     6
       Boomerang         |       |       |       |     5 |    19 ||    24
Evoke: Wand              |       |       |       |     5 |       ||     5
  Use: Scroll            |     4 |       |     7 |    10 |    10 ||    31
       Potion            |       |       |       |    11 |     4 ||    15
 Stab: Sleeping          |     4 |       |       |       |       ||     4
       Held in net/web   |       |       |       |     5 |     2 ||     7
Armor: Robe              |    27 |       |       |       |       ||    27
       Swamp dragon scal |       |    42 |   145 |   345 |    91 ||   623
       Quicksilver drago |       |       |       |       |   200 ||   200
Dodge: Dodged            |    41 |    42 |   228 |   828 |   600 ||  1739

Table legend: (Time is in decaauts)
 A = Elapsed time spent in this place.
 B = Non-inter-level travel time spent in this place.
 C = Inter-level travel time spent in this place.
 D = Time resting spent in this place.
 E = Time spent auto-exploring this place.
 F = Levels seen in this place.
 G = Mean time per level.
                   A        B        C        D        E       F      G
               +--------+--------+--------+--------+--------+-----+--------+
         Total |  17532 |  16239 |   1293 |    942 |  10880 |  23 |  762.3 |
       Dungeon |   9897 |   9065 |    832 |    438 |   6128 |  12 |  824.8 |
        Temple |    154 |    114 |     40 |      0 |     99 |   1 |  154.0 |
          Lair |   4557 |   4390 |    167 |    305 |   3281 |   6 |  759.5 |
  Orcish Mines |   2323 |   2069 |    254 |    131 |   1115 |   2 | 1161.5 |
       Ossuary |    205 |    205 |      0 |     26 |     97 |   1 |  205.0 |
      Ice Cave |    395 |    395 |      0 |     42 |    159 |   1 |  395.0 |
               +--------+--------+--------+--------+--------+-----+--------+

Top non-repeatable levels by time:
   Orc:2: 1225 daAuts
     D:9: 1182 daAuts
   Orc:1: 1097 daAuts
  Lair:2: 1019 daAuts
  Lair:3: 1014 daAuts
  Lair:5: 1006 daAuts
     D:7: 996 daAuts
     D:2: 927 daAuts
     D:5: 899 daAuts
    D:10: 857 daAuts
    D:11: 839 daAuts
    D:12: 821 daAuts
  Lair:4: 765 daAuts
     D:8: 751 daAuts
     D:4: 697 daAuts
